 Dungeon Crawl Stone Soup version 0.32-a0-20-ge526923d97 (webtiles) character file.

Game seed: 12871460954366131306

49 LeprechaunX the Changeling (level 3, 0/36 HPs)
             Began as an Octopode Shapeshifter on Jan 17, 2024.
             Succumbed to Sigmund's poison
             ... on level 2 of the Dungeon.
             The game lasted 00:01:42 (728 turns).

LeprechaunX the Changeling (Octopode Shapeshifter)   Turns: 728, Time: 00:01:43

Health: 0/36       AC: 28    Str: 13    XL:     3   Next: 77%
Magic:  3/3        EV:  2    Int: 12    God:
Gold:   89         SH:  0    Dex: 13    Spells: 2/2 levels left

rFire   . . .        h - +2 mace (protect)
rCold   . . .        (no shield)
rNeg    . . .        (helmet currently unavailable)
rPois   +            (no amulet)
rElec   .            (no ring)
rCorr   .            (no ring)
SInv    .            (no ring)
Will    .....        (no ring)
Stlth   +            (no ring)
HPRegen 0.26/turn    (no ring)
MPRegen 0.08/turn    (no ring)
                     (no ring)

%: no passive effects
@: brilliant, lethally poisoned (0 -> -7), tree-form, under a protective aura,
hasted, very quick
A: stationary, stasis, torment immunity, boosted hp, almost no armour,
(amphibious), 8 rings, (camouflage 1), (gelatinous body 1), (nimble swimmer 1),
(tentacles)
a: no special abilities


You were on level 2 of the Dungeon.
You were a tree.
You visited 1 branch of the dungeon, and saw 2 of its levels.

You collected 89 gold pieces.

Inventory:

Hand Weapons
 h - a +2 mace of protection (weapon)
Missiles
 i - 5 javelins (quivered)
Jewellery
 m - the ring of Eternity {Wiz rF- Will++}
   (You found it on level 2 of the Dungeon)

   [ring of wizardry]

   Wiz:       It improves your spell success rate.
   rF-:       It makes you vulnerable to fire.
   Will++:    It greatly increases your willpower.
Talismans
 b - a beast talisman
 c - a flux talisman
 l - a blade talisman
Scrolls
 d - a scroll of identify {unknown}
Potions
 a - a potion of lignification
 g - a potion of might {unknown}
 j - a potion of degeneration {unknown}
 k - a potion of invisibility {unknown}


   Skills:
 + Level 1.6 Fighting
 + Level 0.5 Maces & Flails
 + Level 0.4 Throwing
 + Level 2.3 Dodging
 + Level 3.3 Unarmed Combat
 * Level 3.5 Shapeshifting


You had 2 spell levels left.
You didn't know any spells.
Your spell library contained the following spells:

 Spells                   Type           Power      Damage    Failure   Level
 Blink                    Tloc           0%         N/A       45%         2
 Lesser Beckoning         Tloc           0%         N/A       45%         2
 Momentum Strike          Conj/Tloc      0%         3d8       45%         2


Dungeon Overview and Level Annotations

Branches:
Dungeon (2/15)

Altars:

Annotations:
D:2 Sigmund


Innate Abilities, Weirdness & Mutations

You are a tree.
Your roots penetrate the ground, keeping you stationary.
You cannot be teleported.
You are immune to unholy pain and torment.
Your maximum health is greatly increased.
You cannot wear most types of armour.
((You are amphibious.))
You can wear up to eight rings at the same time.
((Your skin changes colour to match your surroundings (Stealth+).))
((Your rubbery body absorbs attacks. (AC +1, EV +1)))
((You are camouflaged when in or above water. (Stealth+)))
((You have tentacles for arms and can constrict up to eight enemies at once.))


Message History

You turn into a tree.
Your roots penetrate the ground.
You feel sick. Sigmund gestures at you while chanting.
The puff of flame hits you but does no damage.
You closely miss Sigmund.
You feel very sick.
Sigmund hits you with a +1 scythe of venom.
* * * LOW HITPOINT WARNING * * *
You sock Sigmund!
Your weapon exudes an aura of protection.
Sigmund is moderately wounded.
* * * LOW HITPOINT WARNING * * *
You feel sick. Sigmund gestures at you while chanting.
You resist with significant effort.
You barely miss Sigmund.
Sigmund is moderately wounded.
You feel sick. Sigmund barely misses you.
You barely miss Sigmund.
Sigmund is moderately wounded.
* * * LOW HITPOINT WARNING * * *
You feel sick. Sigmund hits you but does no damage.
Unknown command.
It was a potion of haste.
You feel yourself speed up.
You feel sick. Sigmund hits you but does no damage.
It was a potion of brilliance.
You feel clever all of a sudden.
You feel sick.
You are no longer poisoned.
Okay, then.
You hit Sigmund.
Your weapon exudes an aura of protection.
Sigmund is moderately wounded.
Sigmund casts a spell.
Sigmund flickers and vanishes!
Deactivating autopickup; reactivate with Ctrl-A.
You hit something. Something hits you but does no damage.
You miss something. Something hits you but does no damage.
You are lethally poisoned!
You hit something.
You die...

.. ###### ..# ......
####.#####
#.####.#####........#
.....#..............#
.....#.#......#.#.#.#
.......#............#
.....#......#...#{..#
.###............♣...#
.# #.....#.##.#.#...#
.###..†.#...........#
...#........#..#..###
##.#....#.........#
##†...#.#.#...#####
##.............#
##..#...#...##.#
..........#.# .#


There were no monsters in sight!

Vanquished Creatures
  2 adders (D:2)
  A ribbon worm (D:2)
  A ball python (D:2)
  4 endoplasms (D:1)
  A giant cockroach (D:2)
  5 goblins
  3 hobgoblins
  2 kobolds (D:1)
  5 bats
  2 frilled lizards (D:1)
  3 rats
29 creatures vanquished.

Notes
Turn   | Place    | Note
-------+----------+-------------------------------------------
     0 | D:1      | LeprechaunX the Octopode Shapeshifter began the quest for
                  | the Orb.
     0 | D:1      | Reached XP level 1. HP: 13/13 MP: 1/1
    61 | D:1      | Reached XP level 2. HP: 12/18 MP: 2/2
   606 | D:2      | Reached XP level 3. HP: 17/23 MP: 3/3
   693 | D:2      | Identified the ring of Eternity {Wiz rF- Will++}
   713 | D:2      | Noticed Sigmund
   724 | D:2      | HP: 1/36 [poisoned by Sigmund]
   728 | D:2      | Succumbed to Sigmund's poison

Illustrated notes

Levels and vault maps discovered:
D:1:      ebering_trefoil_twist, layout_basic, chequers_serial_rivers_micro_b
D:2:      layout_basic, hangedman_decor_lopped, minmay_tetromino_t4,
          uniq_sigmund

Action                     || total
---------------------------++-------
  Melee: Unarmed           ||    25
         Tentacles         ||    10
         Constrict         ||    10
         Punch             ||     2
         Mace              ||    29
    Use: Potion            ||     3
   Stab: Sleeping          ||     2
 Armour: Skin              ||    24
  Dodge: Dodged            ||    30

Table legend: (Time is in decaauts)
 A = Elapsed time spent in this place.
 B = Non-inter-level travel time spent in this place.
 C = Inter-level travel time spent in this place.
 D = Time resting spent in this place.
 E = Time spent auto-exploring this place.
 F = Levels seen in this place.
 G = Mean time per level.
                   A        B        C        D        E       F      G
               +--------+--------+--------+--------+--------+-----+--------+
         Total |    735 |    686 |     49 |      0 |    492 |   2 |  367.5 |
       Dungeon |    735 |    686 |     49 |      0 |    492 |   2 |  367.5 |
               +--------+--------+--------+--------+--------+-----+--------+

Top non-repeatable levels by time:
     D:1: 496 daAuts
     D:2: 239 daAuts
